 Dungeon Crawl Stone Soup version 0.21-a0-471-gd587bd5 (webtiles) character file.

2 theanonym the Vexing (level 1, -1/7 HPs)
             Began as a Felid Enchanter on Nov 22, 2017.
             Slain by a kobold
             ... wielding a +0 short sword
              (2 damage)
             ... on level 1 of the Dungeon.
             The game lasted 00:00:14 (28 turns).

theanonym the Vexing (Felid Enchanter)                Turns: 28, Time: 00:00:14

Health: -1/7       AC:  1    Str:  4    XL:     1   Next: 25%
Magic:  3/4        EV: 18    Int: 16    God:
Gold:   0          SH:  0    Dex: 16    Spells: 3/4 levels left
                                        Lives:  0   Deaths: 0

rFire    . . .     SeeInvis +     - Unarmed
rCold    . . .     Gourm    .   (shield unavailable)
rNeg     . . .     Faith    .   (armour unavailable)
rPois    .         Spirit   .   (helmet unavailable)
rElec    .         Reflect  .   (cloak unavailable)
rCorr    .         Harm     .   (gloves unavailable)
MR       .....                  (boots unavailable)
Stlth    +++.......             (no amulet)
HPRegen  0.02/turn              (no ring)
MPRegen  0.09/turn              (no ring)

@: quick
A: no armour, no weapons or thrown items, stealth, claws 1, fangs 3, see
invisible, carnivore 3, speed 1, shaggy fur 1, slow metabolism 1, sharp paws
a: no special abilities


Innate Abilities, Weirdness & Mutations

You cannot wear armour.
You are incapable of wielding weapons or throwing items.
Your paws allow you to move quietly. (Stealth)
You have sharp claws.
You have razor-sharp teeth.
You have supernaturally acute eyesight. (SInv)
You are carnivorous and can eat meat at any time.
You cover ground quickly.
You are covered in fur. (AC +1)
You have a slow metabolism.
Your sharp claws are effective at attacking unaware monsters.


   Skills:
 - Level 2.6 Dodging
 + Level 4.1 Stealth
 - Level 1.0 Unarmed Combat
 + Level 2.0 Spellcasting
 - Level 4.4 Hexes


You had 3 spell levels left.
You knew the following spells:

 Your Spells              Type           Power        Failure   Level  Hunger
a - Corona                Hex            ###....      3%          1    #......

Action                   || total
-------------------------++-------
Melee: Unarmed           ||    10
 Cast: Corona            ||     1
Dodge: Dodged            ||     6

Inventory:

Books
 a - a book of Maledictions

   Spells                             Type                      Level
   a - Corona                         Hexes                        1
   b - Ensorcelled Hibernation        Hexes/Ice                    2
   c - Confuse                        Hexes                        3
   d - Tukima's Dance                 Hexes                        3
   e - Dazzling Spray                 Conjuration/Hexes            3
Comestibles
 b - a meat ration

Dungeon Overview and Level Annotations

Branches:
Dungeon (1/15)

Altars:


You were on level 1 of the Dungeon.
You were not hungry.

You visited 1 branch of the dungeon, and saw 1 of its levels.


Message History

Welcome, theanonym the Felid Enchanter.
It is said that the Orb of Zot exists deep within this dungeon.
Found a staircase leading out of the dungeon.
Unknown command.
You open the door.
There is an open door here.
A kobold comes into view. It is wielding a whip.
The kobold shouts!
A kobold is nearby!
A kobold is nearby!
A kobold is nearby!
Found a scroll labeled MUDAV RUDEKE.
A goblin comes into view. It is wielding a club.
The goblin shouts!
You scratch the kobold but do no damage.
The kobold closely misses you.
You barely miss the kobold. The kobold barely misses you.
You scratch the kobold. The kobold closely misses you.
You barely miss the kobold. The kobold misses you.
You scratch the kobold.
You kill the kobold!
The goblin misses you.
A kobold comes into view. It is wielding a short sword.
Things that are here:
a whip; a kobold corpse You barely miss the goblin.
The kobold shouts!
The goblin hits you with a club.
Ouch! That really hurt!
* * * LOW HITPOINT WARNING * * *
You take 4 damage, and have 3/7 hp.
MASSIVE DAMAGE!!
You scratch the goblin.
You kill the goblin!
There is an open door here.
You close the door.
You start resting.
Something unseen opens the door.
Aim: a kobold, wielding a short sword (chance to defeat MR: 69%)
The kobold is outlined in light.
You now have 3/4 mp.
You barely miss the kobold. The kobold completely misses you.
You scratch the kobold but do no damage.
The kobold hits you with a short sword.
* * * LOW HITPOINT WARNING * * *
You take 2 damage, and have 1/7 hp.
MASSIVE DAMAGE!!
You scratch the kobold but do no damage.
The kobold hits you with a short sword.
You die...

....... .......
....K.. ..?....
###
.......##...
......).#.####.
.......).......
..#####.#####..
#@K.#.# #.<.'.#
#...#.# #####.#
... #.## #.#
#.+ .#


You could see a kobold.

Notes
Turn   | Place    | Note
-------+----------+-------------------------------------------
     0 | D:1      | theanonym the Felid Enchanter began the quest for the Orb.
     0 | D:1      | Reached XP level 1. HP: 7/7 MP: 4/4
    11 | D:1      | HP: 3/7 [goblin/club (4)]
    27 | D:1      | HP: 1/7 [kobold/short sword (2)]
    28 | D:1      | Slain by a kobold

Vanquished Creatures
  A kobold (D:1)
  A goblin (D:1)
2 creatures vanquished.
